 Dungeon Crawl Stone Soup version 0.30-b1-2-g02819fbbbe (webtiles) character file.

Game seed: 17644649843426867076

22080 LLlMATKO the Fighter (level 12, -4/112 HPs)
             Began as a Minotaur Berserker on June 29, 2023.
             Was a High Priest of Trog.
             Killed by mirror damage (11 damage)
             ... on level 12 of the Dungeon.
             The game lasted 00:11:57 (12546 turns).

LLlMATKO the Fighter (Minotaur Berserker)          Turns: 12546, Time: 00:11:58

Health: -4/112     AC: 18    Str: 34    XL:     12   Next: 59%
Magic:  3/3        EV: 16    Int:  4    God:    Trog [*****.]
Gold:   1131       SH: 11    Dex: 11    Spells: 11/11 levels left

rFire   . . .        L - +0 war axe (antimagic)
rCold   . . .        E - +0 kite shield
rNeg    + . .        w - +1 plate armour {Will+}
rPois   .            (helmet restricted)
rElec   .            B - scarf "Defreho" {+Inv, rN+ Str+2}
rCorr   .            d - +0 pair of gloves
SInv    .            (no boots)
Will    +....        (no amulet) Stlth
                     j - +6 ring of strength
HPRegen 0.38/turn    D - +5 ring of evasion
MPRegen 0.08/turn

%: no passive effects
@: on berserk cooldown, slowed, very slow
A: horns 2, retaliatory headbutt
a: Renounce Religion, Evoke Invisibility, Berserk, Trog's Hand, Brothers in Arms


You were on level 12 of the Dungeon.
You worshipped Trog.
Trog was extremely pleased with you.
You visited 1 branch of the dungeon, and saw 13 of its levels.

You collected 1131 gold pieces.

Inventory:

Hand Weapons
 G - a +0 spear of venom
 L - a +0 antimagic war axe (weapon)
Missiles
 a - 34 poisoned darts (quivered)
 H - 6 boomerangs
 M - 5 javelins
 N - 3 atropa-tipped darts
Armour
 d - a +0 pair of gloves (worn)
 w - a +1 plate armour of willpower (worn)
 B - the scarf "Defreho" (worn) {+Inv, rN+ Str+2}
   (You found it on level 5 of the Dungeon)

   Str:       It affects your strength (+2).
   rN:        It protects you from negative energy.
 E - a +0 kite shield (worn)
Jewellery
 e - a +6 ring of strength
 j - a +6 ring of strength (left hand)
 D - a +5 ring of evasion (right hand)
Wands
 i - a wand of roots (8)
Scrolls
 b - 2 scrolls of enchant weapon {unknown}
 g - 2 scrolls of magic mapping {unknown}
 h - 14 scrolls of identify {unknown}
 k - 2 scrolls of teleportation {unknown}
 l - 3 scrolls of poison {unknown}
 q - a scroll of noise {unknown}
 r - 4 scrolls of fear {unknown}
 s - 2 scrolls of silence {unknown}
 u - 2 scrolls of blinking {unknown}
 x - a scroll of immolation {unknown}
 y - a scroll of brand weapon {unknown}
 F - a scroll of amnesia {unknown}
 J - a scroll of fog {unknown}
 K - a scroll of enchant armour {unknown}
 P - a scroll of acquirement {unknown}
Potions
 c - 4 potions of flight {unknown}
 f - a potion of ambrosia {unknown}
 m - 2 potions of haste {unknown}
 n - 3 potions of cancellation {unknown}
 o - 5 potions of heal wounds {unknown}
 p - 5 potions of brilliance {unknown}
 t - 3 potions of attraction {unknown}
 v - 7 potions of curing
 z - 2 potions of lignification {unknown}
 A - 3 potions of magic {unknown}
 C - a potion of mutation {unknown}
 I - 4 potions of might {unknown}
 O - 2 potions of berserk rage {unknown}


   Skills:
 + Level 12.3 Fighting
 + Level 12.2 Axes
 + Level 12.0 Armour
 + Level 11.0 Dodging
 + Level 10.2 Shields


You had 11 spell levels left.
You didn't know any spells.
Your spell library was empty.

Dungeon Overview and Level Annotations

Branches:
Dungeon (13/15)            Temple (0/1) D:5            Lair (0/5) D:9
    Orc (0/2) D:10
 Vaults: D:13-14

Altars:
Ashenzari
Dithmenos
Gozag
Hepliaklqana
Qazlal
Ru
Trog
Vehumet
Zin
The Shining One

Shops:
D:6 *   D:9 *   D:10 :   D:11 (*


Innate Abilities, Weirdness & Mutations

You have a pair of horns on your head.
You reflexively headbutt those who attack you in melee.


Message History

The death knight closely misses you. You block the catoblepas's attack.
The death knight mumbles some strange prayers to Yredelemnul against you.
Your body is wracked with pain!
* * * LOW HITPOINT WARNING * * *
You closely miss the death knight. You headbutt the death knight!
The death knight is severely wounded.
You hit the catoblepas but do no damage.
The catoblepas breathes a plume of calcifying dust at you.
The blast of calcifying dust hits you but does no damage.
You block the death knight's attack.
The catoblepas breathes a plume of calcifying dust at you.
The blast of calcifying dust hits you.
* * * LOW HITPOINT WARNING * * *
Unknown command.
The catoblepas gores you but does no damage.
The death knight is engulfed in calcifying dust.
The death knight is moving more slowly.
The death knight offers itself to Yredelemnul, and fills with unholy energy.
Unknown command.
Unknown command.
You slash the catoblepas!
The catoblepas is almost dead.
You hit the death knight.
The death knight reflects your damage back at you!
* * * LOW HITPOINT WARNING * * *
The catoblepas gores you but does no damage.
The death knight is engulfed in calcifying dust.
The death knight stops moving altogether!
The catoblepas closely misses you. You furiously retaliate!
You headbutt the catoblepas!
You kill the catoblepas!
Trog accepts your kill.
Your Dodging skill increases to level 11!
Unknown command.
The helpless death knight fails to defend itself.
You slice the death knight!! You headbutt the death knight.
You kill the death knight!
Trog accepts your kill.
Your damage is reflected back at you!
You die...

##.###.#####...# #.##
##........#
##.###.######..#
##.#.## ####..#
#...####.##..#######
#.......#.#.........
##....###.##.#####.#.
#.......#.##.# #.#.
#...@§>......# #.#[
#...<§....#### #.#.
###..###[[########.#.
#..# #[............
##.###.[.....##..##
#.....#####.##..#
###.### #.##..# #.#
#.##..# #.# ##.##..##


There were no monsters in sight!

Vanquished Creatures
  Snorg (D:10)
  A catoblepas (D:12)
  A death knight (D:12)
  A two-headed ogre (D:8)
  2 tengu warriors (D:13)
  Nergalle (D:10)
  Lodul (D:12)
  A deep troll (shapeshifter) (D:9)
  3 cyclopes
  2 ugly things (D:9)
  3 manticores
  3 gargoyles
  An unseen horror (D:11)
  2 efreet
  2 komodo dragons
  A hornet (D:11)
  Grinder (D:3)
  4 trolls
  Sigmund (D:2)
  2 wyverns (D:9)
  2 shadows
  2 wraiths (D:9)
  27 yaks
  A steam dragon (D:6)
  A basilisk (D:11)
  4 vampire mosquitoes (D:12)
  3 orc warriors
  A sky beast (D:7)
  A black bear (D:6)
  3 ice beasts
  8 ogres
  9 centaurs
  A phantom (D:4)
  5 bullfrogs
  3 kobold brigands
  6 gnoll sergeants
  An earth elemental (D:11)
  A scorpion (D:7)
  5 wights (D:9)
  A killer bee (D:9)
  7 howler monkeys
  7 hounds
  2 jellies
  3 orc priests
  4 gnoll boudas
  2 iguanas
  2 sleepcaps
  Natasha (thrice) (D:3)
  16 orc wizards
  37 gnolls
  4 adders
  3 shadow imps
  2 white imps
  2 ufetubi
  2 worms
  A dart slug (D:4)
  19 orcs
  8 ball pythons
  6 endoplasms
  2 giant cockroaches
  9 goblins
  8 hobgoblins
  9 jackals
  20 kobolds
  5 quokkas
  5 bats
  2 frilled lizards
  7 rats
  A spectral hobgoblin (D:3)
317 creatures vanquished.

Notes
Turn   | Place    | Note
-------+----------+-------------------------------------------
     0 | D:1      | LLlMATKO the Minotaur Berserker began the quest for the
                  | Orb.
     0 | D:1      | Reached XP level 1. HP: 19/19 MP: 0/0
   130 | D:1      | Reached XP level 2. HP: 23/27 MP: 1/1
   354 | D:1      | Reached XP level 3. HP: 33/33 MP: 2/2
   359 | D:1      | Reached ** piety under Trog
  1146 | D:2      | Found a bloodstained altar of Trog.
  1345 | D:2      | Noticed Sigmund
  1352 | D:2      | Killed Sigmund
  1353 | D:2      | Reached XP level 4. HP: 41/41 MP: 3/3
  1353 | D:2      | Reached XP level 5. HP: 47/47 MP: 4/4
  1696 | D:3      | Found a broken altar of Ashenzari.
  1768 | D:3      | Found a faded altar of an unknown god.
  1835 | D:3      | Noticed Grinder
  1838 | D:3      | Paralysed by Grinder for 2 turns
  1853 | D:3      | Killed Grinder
  1854 | D:3      | Reached skill level 5 in Fighting
  1854 | D:3      | Reached skill level 5 in Axes
  1854 | D:3      | Reached XP level 6. HP: 56/56 MP: 5/5
  1899 | D:3      | Noticed Natasha
  1903 | D:3      | Killed Natasha
  1937 | D:3      | Noticed Natasha
  1945 | D:3      | Killed Natasha
  2166 | D:3      | Found a hazy altar of Hepliaklqana.
  2178 | D:3      | Reached *** piety under Trog
  2179 | D:3      | Reached skill level 5 in Armour
  2466 | D:3      | Noticed Natasha
  2469 | D:3      | Killed Natasha
  2470 | D:3      | Reached XP level 7. HP: 56/62 MP: 6/6
  3080 | D:4      | Found a sacrificial altar of Ru.
  3080 | D:4      | Found a glowing silver altar of Zin.
  3367 | D:5      | Entered Level 5 of the Dungeon
  3380 | D:5      | Reached skill level 5 in Dodging
  3548 | D:5      | Found a staircase to the Ecumenical Temple.
  3555 | D:5      | Identified the scarf "Defreho" {+Inv, rN+ Str+2}
  3711 | D:5      | Reached XP level 8. HP: 66/71 MP: 7/7
  3988 | D:5      | Reached **** piety under Trog
  3989 | D:5      | Reached skill level 1 in Shields
  4333 | D:6      | Identified the +4 robe of Servitude {rElec}
  4396 | D:6      | Found an opulent altar of Gozag.
  4552 | D:6      | Found Gozag's Platinum Reserve.
  4684 | D:6      | Reached XP level 9. HP: 78/80 MP: 8/8
  6432 | D:8      | Noticed a two-headed ogre
  6438 | D:8      | Killed a two-headed ogre
  6439 | D:8      | Reached skill level 5 in Shields
  6440 | D:8      | Reached XP level 10. HP: 91/91 MP: 9/9
  6608 | D:8      | Found a stormy altar of Qazlal.
  6904 | D:8      | Found a radiant altar of Vehumet.
  6908 | D:8      | Noticed a manticore
  6928 | D:8      | Killed a manticore
  7137 | D:8      | Reached ***** piety under Trog
  7203 | D:8      | Received a gift from Trog
  7453 | D:9      | Noticed a gargoyle
  7460 | D:9      | Killed a gargoyle
  7538 | D:9      | Noticed a red ugly thing
  7551 | D:9      | Killed a red ugly thing
  7695 | D:9      | Noticed a deep troll
  7705 | D:9      | Killed a deep troll
  7899 | D:9      | Reached skill level 10 in Fighting
  7917 | D:9      | Reached skill level 10 in Axes
  8024 | D:9      | Found a glowing golden altar of the Shining One.
  8028 | D:9      | Noticed a manticore
  8040 | D:9      | Killed a manticore
  8047 | D:9      | Noticed a green ugly thing
  8048 | D:9      | Noticed a cyclops
  8068 | D:9      | Killed a green ugly thing
  8069 | D:9      | Reached XP level 11. HP: 66/100 MP: 3/10
  8171 | D:9      | Reached skill level 10 in Armour
  8316 | D:9      | Found Luhant's General Store.
  8626 | D:9      | Found a staircase to the Lair.
  9167 | D:9      | Found a transporter.
  9516 | D:9      | Found a transporter.
  9626 | D:10     | Entered Level 10 of the Dungeon
  9675 | D:10     | Found Ciredgh's Tremendous Tomes.
  9708 | D:10     | Noticed Snorg
  9719 | D:10     | Killed Snorg
 10017 | D:10     | Found a staircase to the Orcish Mines.
 10122 | D:10     | Found a shadowy altar of Dithmenos.
 10123 | D:10     | You fall into a shaft and drop 1 floor!
 10170 | D:11     | Reached skill level 10 in Dodging
 10393 | D:10     | Noticed Nergalle
 10410 | D:10     | Killed Nergalle
 10548 | D:10     | Reached XP level 12. HP: 110/110 MP: 3/11
 10849 | D:11     | Found Jeudewio's Pet Rocks.
 11196 | D:11     | Found Xorusij's Weapon Shoppe.
 11416 | D:12     | Noticed Lodul
 11431 | D:12     | Killed Lodul
 12323 | D:13     | Noticed a tengu warrior
 12324 | D:13     | Noticed a tengu warrior
 12332 | D:13     | Killed a tengu warrior
 12333 | D:13     | Reached skill level 10 in Shields
 12342 | D:13     | Killed a tengu warrior
 12453 | D:13     | Noticed a catoblepas
 12456 | D:13     | Noticed a death knight
 12545 | D:12     | Killed a catoblepas
 12546 | D:12     | Killed a death knight
 12546 | D:12     | Killed by mirror damage

Illustrated notes

Levels and vault maps discovered:
D:1:      dpeg_arrival_arbitrary_c, layout_loops_ring,
          minmay_misc_feat_four_crosses, st_stairs_10
D:2:      layout_basic, basic_altar, uniq_sigmund
D:3:      layout_loops_cross, mainiacjoe_overflow_concentric_impassable,
          cheibrodos_ashenzari_chains,
          dreamdust_ecumenical_altar_drowned_temple, uniq_natasha, uniq_grinder
D:4:      layout_loops_ring, grunt_temple_overflow_open,
          nicolae_underground_beach
D:5:      layout_cave_pools, minmay_temple_entry_grid, serial_gnoll_camp,
          gnoll_camp_mini_doghouse, gnoll_camp_medium_02,
          gnoll_camp_mini_sergeant, gnoll_camp_mini_hut, gnoll_camp_mini_basic,
          hangedman_decor_lopped
D:6:      layout_basic, nicolae_gozag_zags_fifth_avenue
D:7:      wad_crossroads, layout_loops_corners
D:8:      layout_cave_pods, mainiacjoe_overflow_catwalk_spiral, chequers_garden
D:9:      hangedman_cross_cluster, layout_loops_corners, serial_shops,
          kennysheep_mini, nicolae_diode_stairs
D:10:     layout_rooms, nicolae_overflow_crystal_walls, orc_0_dummy,
          nicolae_shop_i_like_big_books, uniq_snorg, uniq_nergalle
D:11:     layout_cave_pools, serial_shops, shop, guppyfry_shop_earth
D:12:     layout_loops_ring, minmay_misc_feat_tiny, uniq_lodul
D:13:     layout_gridville

Skill      XL: |  1  2  3  4  5  6  7  8  9 10 11 12 |
---------------+-------------------------------------+-----
Axes           | 4 5 6 7 8 10 11 12 | 12.2
Fighting       | 4 5 6 7 9 10 11 12 | 12.3
Armour         | 3 4 5 6 7 8 9 11 12 | 12.0
Dodging        | 3 4 5 6 7 9 10 11 | 11.0
Shields        | 3 5 7 9 10 | 10.2

Action                     |  1- 3 |  4- 6 |  7- 9 | 10-12 || total
---------------------------+-------+-------+-------+-------++-------
  Melee: Hand axe          |   100 |    36 |       |       ||   136
         Headbutt          |    15 |     9 |    52 |    91 ||   167
         Punch             |     1 |     1 |       |       ||     2
         War axe           |       |     3 |   268 |   396 ||   667
  Throw: Dart              |       |       |       |    12 ||    12
 Invoke: Berserk           |       |     1 |     4 |     8 ||    13
         Trog's Hand       |       |       |       |     1 ||     1
         Brothers in Arms  |       |       |       |     1 ||     1
   Stab: Petrified         |       |       |       |     1 ||     1
 Armour: Animal skin       |     6 |       |       |       ||     6
         Chain mail        |    20 |     6 |       |       ||    26
         Ring mail         |       |     1 |    79 |    28 ||   108
         Plate armour      |       |       |       |    85 ||    85
  Dodge: Dodged            |    58 |     6 |   200 |   242 ||   506
  Block: Kite shield       |       |       |    64 |   233 ||   297
